 Dungeon Crawl Stone Soup version 0.18-a0-1292-ge8ad84c (webtiles) character file.

78 Duffy the Conjurer (level 4, -5/24 HPs)
             Began as a Deep Elf Conjurer on Feb 9, 2016.
             Slain by a gnoll
             ... wielding a +0 spear
              (6 damage)
             ... on level 2 of the Dungeon.
             The game lasted 00:01:21 (1179 turns).

Duffy the Conjurer (Deep Elf Conjurer)              Turns: 1179, Time: 00:01:21

Health: -5/24      AC:  3    Str:  5    XL:     4   Next: 15%
Magic:  0/12       EV: 13    Int: 21    God:
Gold:   78         SH:  0    Dex: 15    Spells: 2 memorised, 9 levels left

rFire  . . .     SeeInvis .     (no weapon)
rCold  . . .     Gourm    .     a - +0 robe
rNeg   . . .     Faith    .     (no shield)
rPois  .         Spirit   .     (no helmet)
rElec  .         Dismiss  .     (no cloak)
rCorr  .         Reflect  .     (no gloves)
SustAt .         Harm     .     e - +0 pair of boots
MR     .....                    (no amulet)
Stlth  ++........               (no ring)
                                (no ring)

@: not resistant to hostile enchantments, unstealthy
A: no striking features
a: no special abilities


You were on level 2 of the Dungeon.
You were not hungry.

You visited 1 branch of the dungeon, and saw 2 of its levels.

You collected 78 gold pieces.


   Skills:
 - Level 2.4 Dodging
 - Level 2.4 Stealth
 + Level 4.8 Spellcasting
 + Level 5.3 Conjurations


You had 9 spell levels left.
You knew the following spells:

 Your Spells              Type           Power        Failure   Level  Hunger
a - Magic Dart            Conj           ####         1%          1    None
s - Searing Ray           Conj           ####..       1%          2    None

Inventory:

Armour
 a - a +0 robe (worn)
 e - a +0 pair of boots (worn)
Scrolls
 f - 2 scrolls of identify {unknown}
 j - a scroll of magic mapping {unknown}
 o - a scroll of enchant weapon {unknown}
 p - a scroll of recharging {unknown}
Potions
 d - 2 potions of curing {unknown}
 g - 2 potions of brilliance {unknown}
 i - a potion of flight {unknown}
 k - a potion of cancellation {unknown}
 m - a potion of ambrosia {unknown}
 n - a potion of lignification {unknown}
Books
 b - a book of Conjurations
Comestibles
 c - a bread ration
 h - a slice of pizza
 l - a beef jerky
 q - a chunk of flesh

Dungeon Overview and Level Annotations

Branches:
Dungeon (2/15)

Altars:
Kikubaaqudgha


Message History

Press: ? - help, Shift-Dir - straight line, f/p - adder
Aim: an adder The magic dart hits the adder.
The adder is lightly wounded.
The adder closely misses you.
Cast which spell? (? or * to list)
Aiming: Magic Dart
Press: ? - help, Shift-Dir - straight line, f/p - adder
Aim: an adder (lightly wounded)
The magic dart hits the adder.
The adder is heavily wounded.
The gnoll barely misses you. The adder bites you but does no damage.
Cast which spell? (? or * to list)
Aiming: Magic Dart
Press: ? - help, Shift-Dir - straight line, f/p - adder
Aim: an adder (heavily wounded)
The magic dart hits the adder.
You kill the adder!
You have reached level 4!
You feel clever. The gnoll closely misses you.
Cast which spell? (? or * to list)
Aiming: Searing Ray
Press: ? - help, Shift-Dir - straight line, f - gnoll
Aim: a gnoll The searing ray hits the gnoll.
The gnoll is heavily wounded.
The gnoll hits you from afar with a spear!
The gnoll closely misses you.
The searing ray hits the gnoll.
You kill the gnoll!
The gnoll hits you from afar with a spear!
Without enough magic to sustain it, your searing ray dissipates.
The gnoll hits you from afar with a spear.
You die...

........#######.#
........%.......#
................#################
............g..g.................
.........#######.#...#...#...#...
.........# #..)..............
........## ###g..#...#...#...
####....#########......%.........
......#.......@################
##.....#......................
#.....#.....................#
#.....#.....................#
#.....................#
#.....................###
#....................>...
#....................####
.....#######..........# #


You could see a gnoll.

Action                   |  1- 3 |  4- 6 || total
-------------------------+-------+-------++-------
 Cast: Magic Dart        |    65 |     1 ||    66
       Searing Ray       |       |     1 ||     1
  Eat: Chunk             |     1 |       ||     1

Notes
Turn   | Place    | Note
--------------------------------------------------------------
     0 | D:1      | Duffy the Deep Elf Conjurer began the quest for the Orb.
     0 | D:1      | Reached XP level 1. HP: 10/10 MP: 6/6
   224 | D:1      | Reached XP level 2. HP: 15/15 MP: 6/8
   248 | D:1      | Learned a level 2 spell: Searing Ray
   678 | D:1      | Reached skill level 4 in Spellcasting
   989 | D:2      | Reached skill level 5 in Conjurations
   989 | D:2      | Reached XP level 3. HP: 19/19 MP: 4/10
  1047 | D:2      | Found an ancient bone altar of Kikubaaqudgha.
  1176 | D:2      | Reached XP level 4. HP: 15/24 MP: 3/12
  1179 | D:2      | Slain by a gnoll

Vault maps used:
D:1:      arrival_zaba_pyramid
D:2:      tgw_trog, lemuel_coloured_pillars_altar, minmay_misc_feat_rows

Vanquished Creatures
  2 gnolls
  3 adders
  3 giant geckos
  2 ball pythons
  3 giant cockroaches
  4 goblins
  A hobgoblin
  A quokka
  4 bats
  4 kobolds
  5 rats
32 creatures vanquished.
